 Dungeon Crawl Stone Soup version 0.31-a0-161-gb58dd9be76 (webtiles) character file.

Game seed: 15116467416339669873

1451 qw the Skirmisher (level 8, -5/74 HPs)
             Began as a Naga Hunter on June 12, 2023.
             Slain by a gnoll sergeant
             ... wielding a +0 spear
              (7 damage)
             ... on level 6 of the Dungeon.
             The game lasted 00:01:37 (4177 turns).

qw the Skirmisher (Naga Hunter)                     Turns: 4177, Time: 00:01:37

Health: -5/74      AC:  6    Str: 13    XL:     8   Next: 75%
Magic:  8/8        EV: 11    Int:  9    God:
Gold:   280        SH:  0    Dex: 24    Spells: 7/7 levels left

rFire   . . .        Y - +2 shortbow (flame)
rCold   . . .        (shield currently unavailable)
rNeg    . . .        c - +0 leather armour
rPois   +            b - +0 helmet
rElec   .            d - +0 cloak
rCorr   .            (no gloves)
SInv    +            (no barding)
Will    +....        a - amulet of the acrobat
Stlth   ++           e - +6 ring of dexterity
HPRegen 0.32/turn    (no ring)
MPRegen 0.11/turn

%: acrobat
@: short of breath, very slow
A: AC +2, large, see invisible, deformed body, poison resistance, slowness 2,
spit poison 1, naga tail 1
a: Spit Poison


You were on level 6 of the Dungeon.
You visited 1 branch of the dungeon, and saw 6 of its levels.

You collected 280 gold pieces.


Innate Abilities, Weirdness & Mutations

Your serpentine skin is tough. (AC +2)
You have supernaturally acute eyesight. (SInv)
Armour fits poorly on your strangely shaped body.
Your system is resistant to poisons. (rPois)
You cover ground very slowly.
You can spit poison.
You have a snake-like lower body.


   Skills:
 - Level 5.2 Fighting
 + Level 8.5 Ranged Weapons
 - Level 1.6 Armour
 - Level 3.2 Dodging
 - Level 1.5 Stealth


You had 7 spell levels left.
You didn't know any spells.
Your spell library was empty.

Inventory:

Hand Weapons
 Y - a +2 shortbow of flaming (weapon)
Armour
 b - a +0 helmet (worn)
 c - a +0 leather armour (worn)
 d - a +0 cloak (worn)
Jewellery
 a - an amulet of the acrobat (around neck)
 e - a +6 ring of dexterity (left hand)
 h - a ring of protection from fire
Scrolls
 k - a scroll of identify
Potions
 g - a potion of might
 i - a potion of berserk rage {unknown}
 j - a potion of curing

Dungeon Overview and Level Annotations

Branches:
Dungeon (6/15)
 Temple: D:4-7

Altars:
Cheibriados
Elyvilon
Qazlal
Ru
Sif Muna
Trog
Vehumet


Message History

The ufetubus hits you. The ufetubus misses you.
4170 ||| INVOKING Spit Poison.
Aiming: Spit Poison (1% risk of failure)
Press: ? - help, Shift-Dir - straight line, f/p - lemure The splash of poison hits the lemure!
The lemure looks even sicker.
You kill the lemure!
That felt strangely unrewarding.
The ufetubus hits you. The ufetubus barely misses you.
The gnoll sergeant hits you from afar with a +0 spear.
The ufetubus barely misses you. The ufetubus hits you.
You shoot an arrow. The arrow hits the ufetubus!
The arrow burns the ufetubus.
You kill the ufetubus!
The gnoll sergeant completely misses you.
You shoot an arrow. The arrow hits the gnoll sergeant!
The arrow burns the gnoll sergeant.
The gnoll sergeant is moderately wounded.
The gnoll sergeant hits you from afar with a +0 spear!
You shoot an arrow.
The arrow hits the gnoll sergeant but does no damage.
The gnoll sergeant is moderately wounded.
You have got your breath back.
The gnoll sergeant hits you from afar with a +0 spear!
4174 ||| INVOKING Spit Poison.
Aiming: Spit Poison (1% risk of failure)
Press: ? - help, Shift-Dir - straight line, f/p - gnoll sergeant The splash of poison misses the gnoll sergeant.
The gnoll sergeant hits you from afar with a +0 spear!
You shoot an arrow.
The arrow hits the gnoll sergeant but does no damage.
The gnoll sergeant is moderately wounded.
You hear the rusting of a drain very nearby.
The gnoll sergeant hits you from afar with a +0 spear.
You shoot an arrow.
The arrow barely misses the gnoll sergeant.
The gnoll sergeant closely misses you.
You shoot an arrow.
The arrow hits the gnoll sergeant but does no damage.
The gnoll sergeant is moderately wounded.
The gnoll sergeant hits you from afar with a +0 spear!
You die...

#...## ####.##.#
#....# .........
#.... #####%#.#
#...# .##. #...#
#...##.##.#####....
#.. ...##.....%...#
#g####.##.######..#
#..#.......##.....#
#.@...........#...#
#..#..........#...#
#..#.......#.##...#
#..#.........#.....
#..#.##############
...#........
###.#.####### #.#.#
#.#


You could see a gnoll sergeant.

Vanquished Creatures
  Grinder (D:3)
  A yak (D:6)
  Sigmund (D:4)
  Menkaure (D:4)
  A water moccasin (D:5)
  A black bear (D:5)
  A phantom (D:5)
  3 lemures (D:6)
  A scorpion (D:6)
  A gnoll sergeant (D:5)
  A howler monkey (D:5)
  2 hounds
  3 iguanas
  Terence (D:2)
  Robin (D:4)
  7 gnolls
  6 adders
  2 ufetubi
  3 dart slugs
  5 ball pythons
  6 bats
  7 endoplasms
  A giant cockroach (D:2)
  14 goblins
  11 hobgoblins
  2 jackals (D:2)
  8 kobolds
  5 quokkas
  3 frilled lizards (D:3)
  2 rats (D:3)
102 creatures vanquished.

Notes
Turn   | Place    | Note
-------+----------+-------------------------------------------
     0 | D:1      | qw the Naga Hunter began the quest for the Orb.
     0 | D:1      | Reached XP level 1. HP: 19/19 MP: 1/1
     0 | D:1      | 0 ||| qw: Version: 0.2-a-29-gc1b59c4
     0 | D:1      | 0 ||| qw: Game counter: 4271
     0 | D:1      | 0 ||| qw: Always use a shield: true
     0 | D:1      | 0 ||| qw: God list: Okawaru
     0 | D:1      | 0 ||| qw: Allow faded altars: false
     0 | D:1      | 0 ||| qw: Do Orc after D:15 true
     0 | D:1      | 0 ||| qw: Do second Lair branch before Depths: true
     0 | D:1      | 0 ||| qw: Lair rune preference: random
     0 | D:1      | 0 ||| qw: Plans: Normal
     0 | D:1      | 0 ||| PLANNING D:1-11
    10 | D:1      | 10 ||| INVOKING Spit Poison.
    16 | D:1      | 16 ||| INVOKING Spit Poison.
    19 | D:1      | 19 ||| INVOKING Spit Poison.
    20 | D:1      | Reached skill level 4 in Ranged Weapons
    20 | D:1      | Reached XP level 2. HP: 22/26 MP: 2/2
    73 | D:1      | 73 ||| INVOKING Spit Poison.
    79 | D:1      | 79 ||| INVOKING Spit Poison.
   100 | D:1      | 100 ||| INVOKING Spit Poison.
   244 | D:1      | 244 ||| INVOKING Spit Poison.
   248 | D:1      | 248 ||| INVOKING Spit Poison.
   251 | D:1      | 251 ||| INVOKING Spit Poison.
   324 | D:1      | 324 ||| INVOKING Spit Poison.
   342 | D:1      | 342 ||| INVOKING Spit Poison.
   350 | D:1      | 350 ||| INVOKING Spit Poison.
   433 | D:1      | 433 ||| INVOKING Spit Poison.
   438 | D:1      | Reached XP level 3. HP: 29/32 MP: 3/3
   486 | D:1      | 486 ||| INVOKING Spit Poison.
   519 | D:1      | 519 ||| INVOKING Spit Poison.
   528 | D:1      | 528 ||| INVOKING Spit Poison.
   676 | D:1      | 676 ||| INVOKING Spit Poison.
   680 | D:1      | 680 ||| INVOKING Spit Poison.
   686 | D:1      | 686 ||| INVOKING Spit Poison.
   691 | D:1      | 691 ||| INVOKING Spit Poison.
   864 | D:1      | 864 ||| INVOKING Spit Poison.
   867 | D:1      | 867 ||| READING scroll labelled GICID PORAILAH.
   868 | D:1      | 868 ||| READING 2 scrolls labelled DAUHUAM WUVO.
   869 | D:1      | 869 ||| READING scroll labelled COACEH IFRE.
   870 | D:1      | 870 ||| READING scroll labelled QAT GIJAUHESAE.
   871 | D:1      | 871 ||| READING scroll labelled BORISCH RESIHIFF.
   874 | D:1      | 874 ||| DRINKING 2 orange potions.
   875 | D:1      | 875 ||| DROPPING scroll of butterflies.
   876 | D:1      | 876 ||| DROPPING potion of degeneration.
   877 | D:1      | 877 ||| DROPPING scroll of immolation.
   903 | D:2      | 903 ||| INVOKING Spit Poison.
   987 | D:2      | Found a shimmering blue altar of Sif Muna.
  1012 | D:2      | 1012 ||| INVOKING Spit Poison.
  1020 | D:2      | 1020 ||| INVOKING Spit Poison.
  1075 | D:2      | 1075 ||| INVOKING Spit Poison.
  1080 | D:2      | 1080 ||| INVOKING Spit Poison.
  1083 | D:2      | 1083 ||| INVOKING Spit Poison.
  1084 | D:2      | Reached skill level 5 in Ranged Weapons
  1084 | D:2      | Reached XP level 4. HP: 39/39 MP: 4/4
  1285 | D:2      | Noticed Terence
  1286 | D:2      | 1286 ||| INVOKING Spit Poison.
  1292 | D:2      | 1292 ||| INVOKING Spit Poison.
  1298 | D:2      | 1298 ||| INVOKING Spit Poison.
  1299 | D:2      | Killed Terence
  1410 | D:2      | 1410 ||| INVOKING Spit Poison.
  1425 | D:2      | 1425 ||| INVOKING Spit Poison.
  1431 | D:2      | 1431 ||| INVOKING Spit Poison.
  1562 | D:2      | 1562 ||| UPGRADING to amulet of the acrobat.
  1567 | D:2      | 1567 ||| UPGRADING to +6 ring of dexterity.
  1568 | D:2      | 1568 ||| READING scroll labelled DUATUMP RAFATU.
  1569 | D:2      | 1569 ||| DRINKING 2 bubbling coppery potions.
  1570 | D:2      | 1570 ||| DROPPING potion of enlightenment.
  1635 | D:3      | 1635 ||| INVOKING Spit Poison.
  1653 | D:3      | Found a snail-covered altar of Cheibriados.
  1656 | D:3      | Found a sacrificial altar of Ru.
  1656 | D:3      | Found a radiant altar of Vehumet.
  1660 | D:3      | Found a stormy altar of Qazlal.
  1688 | D:3      | Noticed Grinder
  1700 | D:3      | Killed Grinder
  1701 | D:3      | Reached XP level 5. HP: 30/52 MP: 5/5
  1701 | D:3      | Reached XP level 6. HP: 36/61 MP: 6/6
  1802 | D:3      | 1802 ||| INVOKING Spit Poison.
  1872 | D:3      | 1872 ||| INVOKING Spit Poison.
  1919 | D:3      | 1919 ||| INVOKING Spit Poison.
  2053 | D:3      | 2053 ||| INVOKING Spit Poison.
  2130 | D:3      | 2130 ||| INVOKING Spit Poison.
  2200 | D:3      | 2200 ||| UPGRADING to +0 cloak.
  2205 | D:3      | 2205 ||| READING 3 scrolls labelled NIXEWE SASU.
  2206 | D:3      | 2206 ||| READING 2 scrolls labelled UPNIER UCWI.
  2301 | D:3      | 2301 ||| READING scroll labelled ULYSCH FAUKE.
  2302 | D:3      | 2302 ||| DROPPING 2 scrolls of noise.
  2303 | D:3      | 2303 ||| DROPPING scroll of torment.
  2330 | D:4      | 2330 ||| INVOKING Spit Poison.
  2333 | D:4      | 2333 ||| INVOKING Spit Poison.
  2363 | D:4      | 2363 ||| INVOKING Spit Poison.
  2462 | D:4      | 2462 ||| INVOKING Spit Poison.
  2466 | D:4      | 2466 ||| INVOKING Spit Poison.
  2549 | D:4      | Noticed Menkaure
  2552 | D:4      | 2552 ||| FLEEEEING.
  2553 | D:4      | 2553 ||| FLEEEEING.
  2554 | D:4      | 2554 ||| FLEEEEING.
  2555 | D:4      | 2555 ||| FLEEEEING.
  2557 | D:4      | HP: 14/61 [Menkaure/nerve-wracking pain (5)]
  2558 | D:4      | 2558 ||| READING scroll of teleportation.
  2559 | D:4      | Killed Menkaure
  2560 | D:4      | Reached XP level 7. HP: 16/67 MP: 7/7
  2735 | D:4      | Found a white marble altar of Elyvilon.
  2739 | D:4      | Noticed Robin
  2743 | D:4      | 2743 ||| INVOKING Spit Poison.
  2748 | D:4      | 2748 ||| INVOKING Spit Poison.
  2749 | D:4      | Killed Robin
  2752 | D:4      | 2752 ||| INVOKING Spit Poison.
  2888 | D:4      | 2888 ||| INVOKING Spit Poison.
  2893 | D:4      | 2893 ||| INVOKING Spit Poison.
  2895 | D:4      | Reached skill level 6 in Ranged Weapons
  2902 | D:4      | 2902 ||| INVOKING Spit Poison.
  2961 | D:4      | Noticed Sigmund
  2962 | D:4      | 2962 ||| INVOKING Spit Poison.
  2963 | D:4      | 2963 ||| INVOKING Spit Poison.
  2966 | D:4      | Killed Sigmund
  2984 | D:4      | 2984 ||| UPGRADING to +0 helmet.
  2989 | D:4      | 2989 ||| READING scroll labelled GEGIH VEDEO.
  2990 | D:4      | 2990 ||| DRINKING 2 gluggy clear potions.
  2991 | D:4      | 2991 ||| READING 2 scrolls of identify.
  2991 | D:4      | 2991 ||| IDENTIFYING silvery potion
  3017 | D:5      | Entered Level 5 of the Dungeon
  3018 | D:5      | 3018 ||| INVOKING Spit Poison.
  3042 | D:5      | Reached skill level 7 in Ranged Weapons
  3102 | D:5      | 3102 ||| INVOKING Spit Poison.
  3106 | D:5      | 3106 ||| Stepping ~*~*~tactically~*~*~ (outnumbered).
  3108 | D:5      | 3108 ||| INVOKING Spit Poison.
  3110 | D:5      | 3110 ||| Stepping ~*~*~tactically~*~*~ (outnumbered).
  3113 | D:5      | 3113 ||| INVOKING Spit Poison.
  3115 | D:5      | Reached XP level 8. HP: 74/74 MP: 8/8
  3118 | D:5      | 3118 ||| INVOKING Spit Poison.
  3119 | D:5      | Reached skill level 1 in Armour
  3202 | D:5      | 3202 ||| INVOKING Spit Poison.
  3291 | D:5      | 3291 ||| INVOKING Spit Poison.
  3379 | D:5      | 3379 ||| INVOKING Spit Poison.
  3382 | D:5      | 3382 ||| INVOKING Spit Poison.
  3384 | D:5      | Reached skill level 3 in Dodging
  3624 | D:5      | Found a bloodstained altar of Trog.
  3654 | D:5      | 3654 ||| INVOKING Spit Poison.
  3769 | D:5      | 3769 ||| READING scroll labelled NEATSO TORHAHY.
  3870 | D:5      | 3870 ||| READING scroll labelled QOLAR ITOMA.
  3871 | D:5      | 3871 ||| READING 2 scrolls of identify.
  3871 | D:5      | 3871 ||| IDENTIFYING sedimented ruby potion
  3872 | D:5      | 3872 ||| DROPPING potion of attraction.
  3895 | D:6      | 3895 ||| PLANNING SEWER
  3897 | D:6      | 3897 ||| INVOKING Spit Poison.
  3925 | D:6      | 3925 ||| INVOKING Spit Poison.
  3925 | D:6      | Noticed a yak
  3928 | D:6      | 3928 ||| INVOKING Spit Poison.
  3935 | D:6      | 3935 ||| INVOKING Spit Poison.
  3942 | D:6      | 3942 ||| INVOKING Spit Poison.
  3942 | D:6      | Killed a yak
  3943 | D:6      | Reached skill level 8 in Ranged Weapons
  4001 | D:6      | 4001 ||| INVOKING Spit Poison.
  4004 | D:6      | 4004 ||| INVOKING Spit Poison.
  4075 | D:6      | 4075 ||| INVOKING Spit Poison.
  4130 | D:6      | 4130 ||| READING scroll of enchant weapon.
  4130 | D:6      | 4130 ||| ENCHANTING +1 shortbow of flaming.
  4154 | D:6      | 4154 ||| INVOKING Spit Poison.
  4158 | D:6      | 4158 ||| Stepping ~*~*~tactically~*~*~ (outnumbered).
  4160 | D:6      | 4160 ||| INVOKING Spit Poison.
  4165 | D:6      | 4165 ||| INVOKING Spit Poison.
  4168 | D:6      | HP: 16/74 [gnoll sergeant/+0 spear (9)]
  4169 | D:6      | 4169 ||| DRINKING potion of heal wounds.
  4170 | D:6      | 4170 ||| INVOKING Spit Poison.
  4173 | D:6      | HP: 12/74 [gnoll sergeant/+0 spear (8)]
  4174 | D:6      | 4174 ||| INVOKING Spit Poison.
  4174 | D:6      | HP: 5/74 [gnoll sergeant/+0 spear (7)]
  4175 | D:6      | HP: 1/74 [gnoll sergeant/+0 spear (4)]
  4177 | D:6      | Slain by a gnoll sergeant

Levels and vault maps discovered:
D:1:      erik_arrival_triangle_small, layout_basic
D:2:      layout_basic, serial_aquarium, aquarium_bridge_square
          [aquarium_subvault_bridge, aquarium_subvault_wall,
          aquarium_subvault_wall, aquarium_subvault_window],
          aquarium_window_corridor_2, aquarium_window_1, aquarium_view_2f,
          aquarium_pool_five, basic_altar, uniq_terence
D:3:      layout_loops_ring, grunt_temple_overflow_open, kennysheep_nub,
          uniq_grinder
D:4:      layout_gridville, elyvilon_altar_5, uniq_sigmund, uniq_robin,
          uniq_menkaure
D:5:      layout_gridville, mainiacjoe_overflow_cross_hatched
D:6:      layout_basic, pf_just_have_faith, portal_sewer_entry_b,
          minmay_manual_monolith, uniq_eustachio, uniq_pikel

Skill      XL: |  1  2  3  4  5  6  7  8 |
---------------+-------------------------+-----
Ranged Weapons | 4 5 7 8 |  8.5
Fighting       | 5 |  5.2
Dodging        | 2 3 |  3.2
Armour         | 1 |  1.6
Stealth        | |  1.5

Action                     |  1- 3 |  4- 6 |  7- 9 || total
---------------------------+-------+-------+-------++-------
   Fire: Shortbow          |    67 |    70 |   120 ||   257
Ability: Spit Poison       |    27 |    17 |    30 ||    74
    Use: Scroll            |     5 |     5 |     6 ||    16
         Potion            |     1 |     1 |     2 ||     4
 Armour: Leather armour    |     6 |     6 |    22 ||    34
  Dodge: Dodged            |    15 |    15 |    52 ||    82

Table legend:
 A = Non-vault XP
 B = Vault XP
 C = Vault XP percentage of total XP
 D = Non-vault monster count
 E = Vault monster count
 F = Vault count percentage of total count
                 A         B        C        D         E       F
            +---------+---------+-------+---------+---------+-------
      Total |    1016 |    1058 |  51.0 |      79 |      20 |  20.2
            +---------+---------+-------+---------+---------+-------
        D:1 |      51 |       0 |   0.0 |      28 |       0 |   0.0
        D:2 |      38 |      36 |  48.6 |      14 |       1 |   6.7
        D:3 |      22 |     286 |  92.9 |      13 |       1 |   7.1
        D:4 |     132 |     420 |  76.1 |      10 |      13 |  56.5
        D:5 |     682 |       0 |   0.0 |      13 |       0 |   0.0
        D:6 |      91 |     316 |  77.6 |       1 |       5 |  83.3
            +---------+---------+-------+---------+---------+-------
